 Dungeon Crawl Stone Soup version 0.27-a0-46-g34d46f0a3f (webtiles) character file.

Game seed: 340623888309733593

4688 Inarius the Frost Mage (level 10, -39/73 HPs)
             Began as a Barachi Ice Elementalist on Jan 6, 2021.
             Was a Believer of Vehumet.
             Shot with a bolt by a yaktaur captain (42 damage)
             ... on level 9 of the Dungeon.
             The game lasted 00:27:15 (12038 turns).

Inarius the Frost Mage (Barachi Ice Elementalist)  Turns: 12038, Time: 00:27:17

Health: -39/73     AC:  8    Str: 10    XL:     10   Next: 44%
Magic:  20/22      EV: 13    Int: 19    God:    Vehumet [**....]
Gold:   457        SH:  5    Dex: 12    Spells: 10/25 levels left

rFire    . . .     SeeInvis .   y - +2 rapier (elec)
rCold    . . .     Faith    .   (no shield)
rNeg     . . .     Spirit   .   a - +1 robe
rPois    .         Reflect  +   (no helmet)
rElec    .         Harm     .   r - +0 cloak
rCorr    .         Rampage  .   D - +0 pair of gloves
Will     .....                  C - +2 pair of boots
Stlth    ++........             t - amulet of reflection
HPRegen  0.22/turn              (no ring)
MPRegen  0.18/turn              (no ring)

@: frozen ramparts, slow
A: +LOS, swims, slowness 1, strong legs 1
a: Hop, Renounce Religion


You were on level 9 of the Dungeon.
You worshipped Vehumet.
Vehumet was pleased with you.
You visited 1 branch of the dungeon, and saw 9 of its levels.
You also visited: Sewer.

You collected 457 gold pieces.

Inventory:

Hand Weapons
 y - a +2 rapier of electrocution (weapon)
 I - a +2 short sword of flaming
 J - a +2 dagger of venom
Armour
 a - a +1 robe (worn)
 r - a +0 cloak (worn)
 C - a +2 pair of boots (worn)
 D - a +0 pair of gloves (worn)
Magical Staves
 L - an uncursed staff of cold
Jewellery
 t - an amulet of reflection (around neck)
Wands
 i - a wand of acid (3)
 A - a wand of enslavement (6)
 G - a wand of flame (41)
Scrolls
 c - a scroll of fog {unknown}
 e - a scroll of noise
 f - 2 scrolls of immolation
 g - 8 scrolls of remove curse
 m - a scroll of fear
 n - a scroll of summoning {unknown}
 o - 3 scrolls of amnesia
 q - 2 scrolls of enchant weapon {unknown}
 s - 2 scrolls of blinking {unknown}
 v - 4 scrolls of enchant armour
 w - 2 scrolls of magic mapping
 E - a scroll of random uselessness {unknown}
 F - a scroll of teleportation {unknown}
Potions
 b - a potion of flight {unknown}
 d - 2 potions of magic {unknown}
 j - a potion of attraction {unknown}
 k - 3 potions of haste
 l - a potion of ambrosia
 p - 4 potions of might {unknown}
 u - 4 potions of curing {unknown}
 z - 2 potions of lignification {unknown}
 H - a potion of berserk rage {unknown}
 K - a potion of brilliance {unknown}


   Skills:
 + Level 4.4 Fighting
 - Level 3.1 Dodging
 - Level 1.7 Stealth
 + Level 2.7 Shields
 + Level 8.1 Spellcasting
 * Level 5.1 Conjurations
 * Level 13.0 Ice Magic
 + Level 1.2 Evocations


You had 10 spell levels left.
You knew the following spells:

 Your Spells              Type           Power        Failure   Level
a - Freeze                Ice            100%         1%          1
b - Frozen Ramparts       Ice            100%         1%          3
c - Hailstorm             Conj/Ice       42%          2%          4
d - Ozocubu's Armour      Ice            55%          1%          3
e - Summon Ice Beast      Ice/Summ       32%          6%          4

Your spell library contained the following spells:

 Spells                   Type           Power        Failure   Level
 Sandblast                Erth           14%          9%          1
 Magic Dart               Conj           100%         1%          1
 Searing Ray              Conj           54%          1%          2
 Dazzling Flash           Conj/Hex       34%          10%         3
 Fulminant Prism          Conj/Hex       8%           30%         4
 Iskenderun's Mystic Bla  Conj/Tloc      17%          30%         4


Dungeon Overview and Level Annotations

Branches:
Dungeon (9/15)             Temple (0/1) D:7           Sewer (visited)
   Lair: D:8-11         Orc: D:9-12

Altars:
Cheibriados
Dithmenos
Elyvilon
Fedhas
Gozag
Hepliaklqana
Nemelex Xobeh
Qazlal
Ru
Vehumet
Zin

Annotations:
D:5 1 transporter, Killmatronix's ghost, novice OpHu


Innate Abilities, Weirdness & Mutations

You can be seen from farther away. (+LOS)
You can swim through water.
You cover ground slowly.
You can hop short distances.


Message History

The walls around you are covered in ice.
The wall freezes the adder!
The wall freezes the centaur warrior!
The centaur warrior shoots an arrow.
You reflect the arrow off an invisible shield around you!
The arrow hits the centaur warrior!!
The wall freezes the adder!
You kill the adder!
Vehumet accepts your kill.
You feel your power returning.
The yaktaur captain shoots a bolt.
The bolt hits you!!
* * * LOW HITPOINT WARNING * * *
The wall freezes the centaur warrior.
The centaur warrior shoots an arrow.
The arrow closely misses you.
Unknown command.
As you read the scroll of fear, it crumbles to dust.
You assume a fearsome visage.
The yaktaur captain easily resists.
The centaur warrior looks frightened!
The wall freezes the centaur warrior.
Your attack snaps the centaur warrior out of its fear.
The yaktaur captain shoots a bolt.
The bolt hits you!!!
Ouch! That really hurt!
You die...

#.# #.# #.##
#..###
#####.(..##
..........(#
+#######...#
##..####
##.##@...#
#$..8.#...P≈≈≈
#####.#
...#$..c(#..[≈≈≈≈
......#
...#$..(c# ..≈≈≈P
.####.#
._.#$..8.. ..≈P≈≈
.# .. ##.##..
.≈≈♣♣ .# ⌠ ##
..## #≈≈≈# ## ..#
#### P# ..#


You could see a yaktaur captain and a centaur warrior (fleeing).

Vanquished Creatures
  2 trolls (D:9)
  Sigmund (D:6)
  Menkaure (D:7)
  2 water moccasins
  An orc warrior (D:8)
  3 ice beasts
  A black bear (D:8)
  2 sky beasts
  A phantom (D:7)
  An eye of draining (D:4)
  8 ogres (D:8)
  4 centaurs
  A big kobold (D:8)
  A bullfrog (D:8)
  A water moccasin skeleton (D:2)
  6 killer bees (D:9)
  2 howler monkeys (D:8)
  5 electric eels (D:9)
  A quasit (D:7)
  4 orc priests
  3 hounds
  A jelly (D:8)
  11 orc wizards
  5 gnoll shamans (D:8)
  4 iguanas
  5 worker ants
  A bullfrog skeleton (D:8)
  A howler monkey skeleton (D:9)
  4 adders
  9 gnolls
  3 ufetubi
  An adder zombie (D:8)
  2 adder skeletons
  A worm (D:3)
  2 dart slugs
  8 leopard geckos
  27 orcs
  6 giant cockroaches (D:3)
  5 hobgoblins
  10 jackals
  3 quokkas
  3 ball pythons
  5 bats
  5 frilled lizards
  5 goblins
  10 kobolds
  A leopard gecko zombie (D:6)
  5 rats
194 creatures vanquished.

Vanquished Creatures (others)
  A bullfrog (D:9)
  2 orcs (D:9)
  6 fungi (D:8)
  38 plants
47 creatures vanquished.

Grand Total: 241 creatures vanquished

Notes
Turn   | Place    | Note
-------+----------+-------------------------------------------
     0 | D:1      | Inarius the Barachi Ice Elementalist began the quest for
                  | the Orb.
     0 | D:1      | Reached XP level 1. HP: 13/13 MP: 3/3
   111 | D:1      | Reached skill level 5 in Ice Magic
   222 | D:1      | Reached XP level 2. HP: 19/19 MP: 3/5
  1001 | D:2      | Reached XP level 3. HP: 24/24 MP: 4/6
  1104 | D:2      | Reached skill level 6 in Ice Magic
  1104 | D:2      | Reached XP level 4. HP: 14/31 MP: 5/8
  1274 | D:2      | Learned a level 3 spell: Frozen Ramparts
  2204 | D:3      | Reached skill level 1 in Fighting
  2204 | D:3      | Reached XP level 5. HP: 34/37 MP: 2/10
  2330 | D:3      | Reached skill level 7 in Ice Magic
  2449 | D:3      | Found a glowing drain.
  2457 | Sewer    | Entered a sewer
  2543 | Sewer    | Noticed a water moccasin
  2550 | Sewer    | Killed a water moccasin
  2551 | Sewer    | Reached XP level 6. HP: 28/43 MP: 7/12
  3693 | D:4      | Noticed an eye of draining
  3693 | D:4      | an ogre changed into an eye of draining
  3699 | D:4      | Killed an eye of draining
  3700 | D:4      | Reached skill level 8 in Ice Magic
  3762 | D:4      | Found a glowing silver altar of Zin.
  3763 | D:4      | Found an opulent altar of Gozag.
  3783 | D:4      | Reached XP level 7. HP: 46/49 MP: 9/13
  3860 | D:4      | You fall into a shaft and drop 2 floors!
  3951 | D:5      | Entered Level 5 of the Dungeon
  3952 | D:5      | Found a transporter.
  3952 | D:5      | Noticed Killmatronix's ghost (novice OpHu)
  4319 | D:3      | Learned a level 4 spell: Hailstorm
  4487 | D:4      | Learned a level 3 spell: Ozocubu's Armour
  5937 | D:5      | Reached skill level 1 in Conjurations
  6606 | D:6      | Reached skill level 9 in Ice Magic
  6695 | D:6      | Reached XP level 8. HP: 51/57 MP: 11/15
  6699 | D:6      | Reached skill level 5 in Spellcasting
  6736 | D:6      | Noticed Sigmund
  6759 | D:6      | Killed Sigmund
  6760 | D:6      | Reached skill level 1 in Shields
  7092 | D:6      | Found a snail-covered altar of Cheibriados.
  7093 | D:6      | Found a radiant altar of Vehumet.
  7093 | D:6      | Found a white marble altar of Elyvilon.
  7095 | D:6      | Found a hazy altar of Hepliaklqana.
  7095 | D:6      | Found a sparkling altar of Nemelex Xobeh.
  7097 | D:6      | Found a shadowy altar of Dithmenos.
  7097 | D:6      | Found a blossoming altar of Fedhas.
  7098 | D:6      | Found a stormy altar of Qazlal.
  7104 | D:6      | Became a worshipper of Vehumet
  7430 | D:7      | Noticed Menkaure
  7626 | D:7      | Reached skill level 10 in Ice Magic
  7939 | D:7      | Found a staircase to the Ecumenical Temple.
  8204 | D:7      | Killed Menkaure
  8446 | D:7      | Reached XP level 9. HP: 35/64 MP: 16/18
  8874 | D:8      | Reached skill level 1 in Evocations
  8964 | D:8      | Reached * piety under Vehumet
  8964 | D:8      | Offered knowledge of Shock by Vehumet.
  9087 | D:8      | Reached skill level 11 in Ice Magic
  9469 | D:8      | Learned a level 4 spell: Summon Ice Beast
 10132 | D:8      | Reached skill level 12 in Ice Magic
 10349 | D:8      | Reached XP level 10. HP: 56/71 MP: 21/21
 10984 | D:9      | Reached ** piety under Vehumet
 10984 | D:9      | Offered knowledge of Sandblast by Vehumet.
 11059 | D:9      | Reached skill level 5 in Conjurations
 11413 | D:9      | Reached skill level 13 in Ice Magic
 12032 | D:9      | Noticed a centaur warrior
 12034 | D:9      | Found a sacrificial altar of Ru.
 12034 | D:9      | Noticed a yaktaur captain
 12037 | D:9      | HP: 3/73 [yaktaur captain/bolt (35)]
 12038 | D:9      | Shot with a bolt by a yaktaur captain

Illustrated notes

Levels and vault maps discovered:
D:1:      eino_arrival_druids_welcome, layout_basic, hex_intersection
D:2:      layout_basic
D:3:      layout_basic, gup_sewer_entry_pipe
D:4:      layout_cave_pods, grunt_temple_overflow_gold_and_silver
D:5:      layout_basic, gammafunk_ghost_smash
D:6:      layout_basic, grunt_temple_overflow_open, uniq_sigmund
D:7:      layout_cave_pools, minmay_temple_entry_mini_moons,
          minmay_misc_feat_nine_boxes, uniq_menkaure
D:8:      kennysheep_seaside_town, layout_loops_ring
D:9:      layout_loops_ring, serial_bayou, serial_bayou_shore_b,
          serial_bayou_crossing, serial_bayou_pond_c, serial_bayou_pond_b,
          grunt_ministairs_12, serial_bayou_ford_a, jmf_multi_god_temple

Skill      XL: |  1  2  3  4  5  6  7  8  9 10 |
---------------+-------------------------------+-----
Ice Magic      | 5 6 7 8 9 10 12 13 | 13.0
Spellcasting   | 3 4 6 7 8 |  8.1
Fighting       | 1 2 3 4 |  4.4
Dodging        | 3 |  3.1
Conjurations   | 1 3 4 5 |  5.1
Shields        | 1 2 |  2.7
Evocations     | 1 |  1.2
Stealth        | |  1.7

Action                   |  1- 3 |  4- 6 |  7- 9 | 10-12 || total
-------------------------+-------+-------+-------+-------++-------
Melee: Dagger            |     9 |       |     4 |       ||    13
       Whip              |    12 |    77 |    85 |       ||   174
       Short sword       |       |       |    54 |       ||    54
       Rapier            |       |       |    77 |    27 ||   104
       Staff             |       |       |    11 |       ||    11
 Cast: Freeze            |    27 |       |    10 |     1 ||    38
       Frozen Ramparts   |       |    24 |    48 |     9 ||    81
       Ozocubu's Armour  |       |       |     6 |     2 ||     8
       Hailstorm         |       |       |     4 |    18 ||    22
Evoke: Wand              |       |     3 |     6 |     7 ||    16
  Use: Scroll            |       |     6 |     8 |     1 ||    15
       Potion            |       |       |       |     1 ||     1
 Stab: Sleeping          |     1 |       |     1 |       ||     2
       Paralysed         |       |       |     4 |       ||     4
Armor: Robe              |     9 |    18 |    67 |     9 ||   103
Dodge: Dodged            |    24 |    56 |   137 |    30 ||   247
Block: Other             |       |       |    55 |     6 ||    61
       Reflection        |       |       |     5 |     2 ||     7

Table legend: (Time is in decaauts)
 A = Elapsed time spent in this place.
 B = Non-inter-level travel time spent in this place.
 C = Inter-level travel time spent in this place.
 D = Time resting spent in this place.
 E = Time spent auto-exploring this place.
 F = Levels seen in this place.
 G = Mean time per level.
                   A        B        C        D        E       F      G
               +--------+--------+--------+--------+--------+-----+--------+
         Total |  13272 |  12908 |    364 |   3352 |   7159 |  10 | 1327.2 |
       Dungeon |  12999 |  12635 |    364 |   3226 |   7077 |   9 | 1444.3 |
         Sewer |    272 |    272 |      0 |    126 |     81 |   1 |  272.0 |
               +--------+--------+--------+--------+--------+-----+--------+

Top non-repeatable levels by time:
     D:8: 2003 daAuts
     D:3: 1738 daAuts
     D:5: 1661 daAuts
     D:6: 1500 daAuts
     D:9: 1486 daAuts
     D:2: 1294 daAuts
     D:4: 1180 daAuts
     D:1: 1083 daAuts
     D:7: 1049 daAuts
   Sewer: 272 daAuts
